APP
HELENA BREWERS @ SAN FRANCISCO (APP) GIANTS
09/02/2046
 
TOP OF THE 1ST
Helena Brewers batting - Pitching for San Francisco (APP) Giants : RHP Carlos Solis
Pitching: RHP Carlos Solis
Batting: RHB Jose Cerritos 0-0: Ball
1-0: Ball
2-0: Ball
3-0: Base on Balls
Batting: LHB John Fortin 0-0: Ball
Jose Cerritos is caught stealing 2nd base 2-6
1-0: Ball
2-0: DOUBLE (Line Drive, 8RXD, EV 108.1 MPH)
Batting: LHB Karel Hort 0-0: Swinging Strike
0-1: Foul Ball, location: 2F
0-2: Foul Ball, location: 2F
0-2: Ground out 6-3 (Groundball, 6M, EV 90.6 MPH)
John Fortin to third
Batting: SHB Justin Hensley 0-0: 2-RUN HOME RUN (Line Drive, 89XD, EV 107.5 MPH), Distance : 429 ft
Batting: RHB Chris Fruit 0-0: Ball
1-0: Ball
2-0: Fly out, F8 (Flyball, 8RM, EV 93.1 MPH)
Top of the 1st over - 2 runs, 2 hits, 0 errors, 0 left on base; Helena 2 - San Francisco (APP) 0
BOTTOM OF THE 1ST
San Francisco (APP) Giants batting - Pitching for Helena Brewers : RHP Dillon Atkinson
Pitching: RHP Dillon Atkinson
Batting: RHB Coen Dirks 0-0: Called Strike
0-1: Fly out, F9 (Line Drive, 9, EV 86.9 MPH)
Batting: RHB Frank Pena 0-0: Called Strike
0-1: Ball
1-1: Ball
2-1: SINGLE (Groundball, 56S, EV 66.2 MPH) (infield hit)
Batting: RHB Troy Trice 0-0: Ball
Wild Pitch!
Frank Pena to second
1-0: Called Strike
1-1: Ball
2-1: Ball
3-1: Called Strike
3-2: Base on Balls
Batting: RHB Brian Rogers 0-0: Ball
1-0: Ball
2-0: Ball
3-0: Base on Balls
Frank Pena to third
Troy Trice to second
Batting: RHB Billy Pranger 0-0: Called Strike
0-1: Grounds into double play, 6-4-3 (Groundball, 6, EV 87.5 MPH)
Bottom of the 1st over - 0 runs, 1 hit, 0 errors, 2 left on base; Helena 2 - San Francisco (APP) 0
TOP OF THE 2ND
Helena Brewers batting - Pitching for San Francisco (APP) Giants : RHP Carlos Solis
Batting: RHB Dan Allred 0-0: Called Strike
0-1: Foul Ball, location: 2F
0-2: Strikes out looking
Batting: RHB Alfredo Sena 0-0: Ball
1-0: Foul Ball, location: 2F
1-1: Ball
2-1: Called Strike
2-2: Ball
3-2: SINGLE (Groundball, 4D, EV 108.8 MPH)
Batting: RHB Manny Olave 0-0: Foul Ball, location: 2F
0-1: Called Strike
0-2: Ball
1-2: Ball
2-2: Foul Ball, location: 2F
2-2: Ball
3-2: Strikes out swinging
Batting: RHB Justin Marino 0-0: Called Strike
0-1: Swinging Strike
0-2: Strikes out looking
Top of the 2nd over - 0 runs, 1 hit, 0 errors, 1 left on base; Helena 2 - San Francisco (APP) 0
BOTTOM OF THE 2ND
San Francisco (APP) Giants batting - Pitching for Helena Brewers : RHP Dillon Atkinson
Batting: RHB Ryan Bentz 0-0: Ball
1-0: Called Strike
1-1: SINGLE (Groundball, 6MD, EV 110.6 MPH)
Batting: LHB Steve Nevis 0-0: Ball
1-0: Ball
2-0: Ball
3-0: Called Strike
3-1: Base on Balls
Ryan Bentz to second
Batting: RHB Bob Schweiger 0-0: Ball
1-0: Called Strike
Ryan Bentz steals 3rd base (no throw)
Steve Nevis to second
1-1: Fly out, F3 (Popup, 23F, EV 91.9 MPH)
Batting: RHB Alexis Andrade 0-0: 3-RUN HOME RUN (Flyball, 9D, EV 106.9 MPH), Distance : 394 ft
Batting: RHB Coen Dirks 0-0: Ground out 6-3 (Groundball, P, EV 81.9 MPH)
Batting: RHB Frank Pena 0-0: Ball
1-0: Ball
2-0: Called Strike
2-1: SINGLE (Flyball, 89S, EV 87.5 MPH)
Batting: RHB Troy Trice 0-0: Foul Ball, location: 2F
0-1: Ball
1-1: Ball
2-1: Ball
3-1: Called Strike
3-2: Foul Ball, location: 2F
3-2: Foul Ball, location: 2F
3-2: Foul Ball, location: 2F
3-2: Foul Ball, location: 2F
3-2: Foul Ball, location: 2F
3-2: Fly out, F7 (Flyball, 78M, EV 88.8 MPH)
Bottom of the 2nd over - 3 runs, 3 hits, 0 errors, 1 left on base; Helena 2 - San Francisco (APP) 3
TOP OF THE 3RD
Helena Brewers batting - Pitching for San Francisco (APP) Giants : RHP Carlos Solis
Batting: RHB Jose Cerritos 0-0: Called Strike
0-1: Fly out, F9 (Flyball, 9LS, EV 86.9 MPH)
Batting: LHB John Fortin 0-0: Called Strike
0-1: Swinging Strike
0-2: Fly out, F7 (Flyball, 7D, EV 106.2 MPH)
Batting: LHB Karel Hort 0-0: Called Strike
0-1: Ball
1-1: Foul Ball, location: 2F
1-2: SOLO HOME RUN (Flyball, 89XD, EV 105.6 MPH), Distance : 421 ft
Batting: SHB Justin Hensley 0-0: Ground out 5-3 (Groundball, 56, EV 103.1 MPH)
Top of the 3rd over - 1 run, 1 hit, 0 errors, 0 left on base; Helena 3 - San Francisco (APP) 3
BOTTOM OF THE 3RD
San Francisco (APP) Giants batting - Pitching for Helena Brewers : RHP Dillon Atkinson
Batting: RHB Brian Rogers 0-0: Ball
1-0: Ball
2-0: Ball
3-0: Called Strike
3-1: Base on Balls
Batting: RHB Billy Pranger 0-0: Foul Ball, location: 2F
0-1: Called Strike
0-2: Ball
1-2: Ball
2-2: Ball
3-2: Foul Ball, location: 2F
3-2: Base on Balls
Brian Rogers to second
Batting: RHB Ryan Bentz 0-0: Foul Ball, location: 2F
0-1: Ball
1-1: Ball
2-1: Foul Ball, location: 2F
2-2: SINGLE (Groundball, 6MD, EV 100.0 MPH)
Brian Rogers to third
Billy Pranger to second
Runner from 3rd tries for Home, SAFE, throw by CF to home
Batting: LHB Steve Nevis 0-0: Ball
1-0: Called Strike
1-1: Fly out, F9 (Line Drive, 89M, EV 96.2 MPH)
Runner from 2nd tags up, OUT at 3rd! 9-5
Batting: RHB Bob Schweiger 0-0: Called Strike
0-1: Ball
1-1: Ball
Ryan Bentz is caught stealing 2nd base 2-4
Bottom of the 3rd over - 1 run, 1 hit, 0 errors, 0 left on base; Helena 3 - San Francisco (APP) 4
TOP OF THE 4TH
Helena Brewers batting - Pitching for San Francisco (APP) Giants : RHP Carlos Solis
Batting: RHB Chris Fruit 0-0: Ball
1-0: Foul Ball, location: 2F
1-1: Ground out 5-3 (Groundball, 56S, EV 71.9 MPH)
Batting: RHB Dan Allred 0-0: Foul Ball, location: 2F
0-1: Ball
1-1: Fly out, F8 (Flyball, 8LD, EV 74.4 MPH)
Batting: RHB Alfredo Sena 0-0: SOLO HOME RUN (Flyball, 7D, EV 96.2 MPH), Distance : 380 ft
Batting: RHB Manny Olave 0-0: Swinging Strike
0-1: Ball
1-1: Swinging Strike
1-2: Ground out 6-3 (Groundball, 56, EV 101.9 MPH)
Top of the 4th over - 1 run, 1 hit, 0 errors, 0 left on base; Helena 4 - San Francisco (APP) 4
BOTTOM OF THE 4TH
San Francisco (APP) Giants batting - Pitching for Helena Brewers : RHP Dillon Atkinson
Batting: RHB Bob Schweiger 0-0: Called Strike
0-1: Foul Ball, location: 2F
0-2: Hit by Pitch
Pinch Runner at 1st Ed Broomhead:
Batting: RHB Alexis Andrade 0-0: Called Strike
0-1: Foul Ball, location: 2F
0-2: Ball
1-2: Foul Ball, location: 2F
1-2: Foul Ball, location: 2F
1-2: Strikes out looking
Pitching: LHP Tony Salazar
Batting: RHB Coen Dirks 0-0: SINGLE (Groundball, 56S, EV 68.1 MPH) (infield hit)
Ed Broomhead to second
Batting: RHB Frank Pena 0-0: 3-RUN HOME RUN (Flyball, 7D, EV 98.8 MPH), Distance : 386 ft
Batting: RHB Troy Trice 0-0: Called Strike
0-1: Foul Ball, location: 2F
0-2: Ball
1-2: Ball
2-2: Fly out, F8 (Flyball, 8LD, EV 97.5 MPH)
Batting: RHB Brian Rogers 0-0: Foul Ball, location: 2F
0-1: Ball
1-1: Foul Ball, location: 2F
1-2: Foul Ball, location: 2F
1-2: Foul Ball, location: 2F
1-2: Ball
2-2: Ball
3-2: SOLO HOME RUN (Flyball, 7LD, EV 92.5 MPH), Distance : 351 ft
Batting: RHB Billy Pranger 0-0: SINGLE (Groundball, 56D, EV 95.6 MPH)
Pitching: RHP Odmar van de Vijver
Batting: RHB Ryan Bentz 0-0: Called Strike
Billy Pranger is caught stealing 2nd base 2-4
Bottom of the 4th over - 4 runs, 4 hits, 0 errors, 0 left on base; Helena 4 - San Francisco (APP) 8
TOP OF THE 5TH
Helena Brewers batting - Pitching for San Francisco (APP) Giants : RHP Carlos Solis
Now at C: Ed Broomhead
Batting: RHB Justin Marino 0-0: Ball
1-0: Ball
2-0: Swinging Strike
2-1: Swinging Strike
2-2: Strikes out swinging
Batting: RHB Jose Cerritos 0-0: Ball
1-0: Fly out, F9 (Flyball, 9LM, EV 88.1 MPH)
Batting: LHB John Fortin 0-0: Ball
1-0: Swinging Strike
1-1: Ball
2-1: Called Strike
2-2: Ball
3-2: Strikes out looking
Top of the 5th over - 0 runs, 0 hits, 0 errors, 0 left on base; Helena 4 - San Francisco (APP) 8
BOTTOM OF THE 5TH
San Francisco (APP) Giants batting - Pitching for Helena Brewers : RHP Odmar van de Vijver
Batting: RHB Ryan Bentz 0-0: Ball
1-0: Called Strike
1-1: Ball
2-1: Ball
3-1: SINGLE (Line Drive, 6M, EV 102.5 MPH)
Batting: LHB Steve Nevis 0-0: Ball
Ryan Bentz is caught stealing 2nd base 2-6
1-0: Ground out 6-3 (Groundball, 6, EV 106.2 MPH)
Batting: RHB Ed Broomhead 0-0: Foul Ball, location: 2F
0-1: Ball
1-1: Ground out 3-1 (Groundball, 34S, EV 88.1 MPH)
Bottom of the 5th over - 0 runs, 1 hit, 0 errors, 0 left on base; Helena 4 - San Francisco (APP) 8
TOP OF THE 6TH
Helena Brewers batting - Pitching for San Francisco (APP) Giants : RHP Carlos Solis
Batting: LHB Karel Hort 0-0: Foul Ball, location: 2F
0-1: Ball
1-1: Ball
2-1: Ball
3-1: Called Strike
3-2: Foul Ball, location: 2F
3-2: Base on Balls
Pitching: LHP Jason Haas
Batting: SHB Justin Hensley 0-0: Foul Ball, location: 2F
0-1: Ball
1-1: Ball
2-1: Ball
3-1: Fielders Choice at 2nd, 6-4 (Groundball, 6, EV 84.4 MPH)
Batting: RHB Chris Fruit 0-0: 2-RUN HOME RUN (Flyball, 78XD, EV 107.5 MPH), Distance : 431 ft
Batting: RHB Dan Allred 0-0: Called Strike
0-1: Ground out 4-3 (Groundball, 4, EV 101.9 MPH)
Batting: RHB Alfredo Sena 0-0: Ball
1-0: Ball
2-0: Called Strike
2-1: Foul Ball, location: 2F
2-2: Foul Ball, location: 2F
2-2: Foul Ball, location: 2F
2-2: SINGLE (Groundball, 34D, EV 96.9 MPH)
Batting: RHB Manny Olave 0-0: Ground out 1-3 (Groundball, 34S, EV 68.1 MPH)
Top of the 6th over - 2 runs, 2 hits, 0 errors, 1 left on base; Helena 6 - San Francisco (APP) 8
BOTTOM OF THE 6TH
San Francisco (APP) Giants batting - Pitching for Helena Brewers : RHP Odmar van de Vijver
Batting: RHB Alexis Andrade 0-0: Ball
1-0: Called Strike
1-1: Fly out, F4 (Popup, 34D, EV 64.4 MPH)
Batting: RHB Coen Dirks 0-0: SINGLE (Groundball, 6MD, EV 95.6 MPH)
Batting: RHB Frank Pena 0-0: Ball
1-0: Fielders Choice at 2nd, 4-6 (Groundball, 4, EV 103.1 MPH)
Batting: RHB Troy Trice 0-0: Ball
Frank Pena steals 2nd base
1-0: Foul Ball, location: 2F
1-1: Ball
2-1: Foul Ball, location: 2F
2-2: Fly out, F3 (Line Drive, 4, EV 67.5 MPH)
Bottom of the 6th over - 0 runs, 1 hit, 0 errors, 1 left on base; Helena 6 - San Francisco (APP) 8
TOP OF THE 7TH
Helena Brewers batting - Pitching for San Francisco (APP) Giants : LHP Jason Haas
Batting: RHB Justin Marino 0-0: Foul Ball, location: 2F
0-1: Swinging Strike
0-2: Strikes out swinging
Batting: RHB Jose Cerritos 0-0: Ball
1-0: Ball
2-0: Called Strike
2-1: Swinging Strike
2-2: Reached on error, E4 (Groundball, 4, EV 83.8 MPH)
Batting: LHB John Fortin 0-0: 2-RUN HOME RUN (Flyball, 9D, EV 98.8 MPH), Distance : 390 ft
Pitching: RHP Danny MacKinnon
Batting: LHB Karel Hort 0-0: Ball
1-0: Foul Ball, location: 2F
1-1: Ball
2-1: Called Strike
2-2: SOLO HOME RUN (Flyball, 89XD, EV 103.1 MPH), Distance : 431 ft
Batting: SHB Justin Hensley 0-0: Ball
1-0: Swinging Strike
1-1: Called Strike
1-2: Strikes out swinging
Batting: RHB Chris Fruit 0-0: Called Strike
0-1: Ball
1-1: Called Strike
1-2: Strikes out looking
Top of the 7th over - 3 runs, 2 hits, 1 error, 0 left on base; Helena 9 - San Francisco (APP) 8
BOTTOM OF THE 7TH
San Francisco (APP) Giants batting - Pitching for Helena Brewers : RHP Odmar van de Vijver
Batting: RHB Brian Rogers 0-0: Foul Ball, location: 2F
0-1: SINGLE (Groundball, 6MD, EV 85.0 MPH) (infield hit)
Pinch Hitting: LHB Takaaki Nishimoto
Pitching: LHP Paul Schumacher 0-0: Ball
1-0: Fly out, F9 (Flyball, 9D, EV 102.5 MPH)
Pitching: RHP Omar Morales
Batting: RHB Ryan Bentz 0-0: Ball
1-0: Ball
2-0: Foul Ball, location: 2F
2-1: Ball
3-1: Called Strike
3-2: Foul Ball, location: 2F
3-2: Base on Balls
Brian Rogers to second
Pinch Runner at 2nd Pedro Quezada:
Batting: LHB Steve Nevis 0-0: Called Strike
Pedro Quezada is caught stealing 3rd base 2-5
Ryan Bentz to second
0-1: Ball
1-1: Ground out 6-3 (Groundball, 6M, EV 107.5 MPH)
Bottom of the 7th over - 0 runs, 1 hit, 0 errors, 1 left on base; Helena 9 - San Francisco (APP) 8
TOP OF THE 8TH
Helena Brewers batting - Pitching for San Francisco (APP) Giants : RHP Danny MacKinnon
Now at 1B: Takaaki Nishimoto
Now at 3B: Pedro Quezada
Batting: RHB Dan Allred 0-0: Called Strike
0-1: Ball
1-1: Foul Ball, location: 2F
1-2: Ball
2-2: Strikes out looking
Batting: RHB Alfredo Sena 0-0: Ball
1-0: Called Strike
1-1: Foul Ball, location: 2F
1-2: Foul Ball, location: 2F
1-2: Ball
2-2: Fly out, F8 (Flyball, 8RD, EV 101.9 MPH)
Batting: RHB Manny Olave 0-0: Called Strike
0-1: Ball
1-1: Ground out 1-3 (Groundball, P, EV 71.2 MPH)
Top of the 8th over - 0 runs, 0 hits, 0 errors, 0 left on base; Helena 9 - San Francisco (APP) 8
BOTTOM OF THE 8TH
San Francisco (APP) Giants batting - Pitching for Helena Brewers : RHP Omar Morales
Batting: RHB Ed Broomhead 0-0: Swinging Strike
0-1: SINGLE (Line Drive, 89S, EV 94.4 MPH)
Batting: RHB Alexis Andrade 0-0: Ball
1-0: Ball
2-0: Ball
3-0: Base on Balls
Ed Broomhead to second
Batting: RHB Coen Dirks 0-0: Bunt - Flyout to 2L - DP at third! 2-6
Batting: RHB Frank Pena 0-0: Swinging Strike
Alexis Andrade is caught stealing 2nd base 2-4
Bottom of the 8th over - 0 runs, 1 hit, 0 errors, 0 left on base; Helena 9 - San Francisco (APP) 8
TOP OF THE 9TH
Helena Brewers batting - Pitching for San Francisco (APP) Giants : RHP Danny MacKinnon
Pitching: RHP Harry Dickson
Batting: RHB Justin Marino 0-0: Ball
1-0: Ball
2-0: Ball
3-0: Called Strike
3-1: Base on Balls
Batting: RHB Jose Cerritos 0-0: Bunted foul
0-1: Ball
1-1: Bunted foul
1-2: Fly out, F8 (Flyball, 8LM, EV 92.5 MPH)
Batting: LHB John Fortin 0-0: Called Strike
0-1: Foul Ball, location: 2F
0-2: Ball
1-2: Ball
2-2: Strikes out swinging
Batting: LHB Karel Hort 0-0: Ball
1-0: Swinging Strike
1-1: Ball
2-1: Ball
3-1: Called Strike
3-2: Base on Balls
Justin Marino to second
Batting: SHB Justin Hensley 0-0: Foul Ball, location: 2F
0-1: Fly out, F7 (Flyball, 78S, EV 84.4 MPH)
Top of the 9th over - 0 runs, 0 hits, 0 errors, 2 left on base; Helena 9 - San Francisco (APP) 8
BOTTOM OF THE 9TH
San Francisco (APP) Giants batting - Pitching for Helena Brewers : RHP Omar Morales
Pitching: RHP Allen Gans
Now at 1B: Drew Forbess
Batting: RHB Frank Pena 0-0: Foul Ball, location: 2F
0-1: Swinging Strike
0-2: Ball
1-2: Ball
2-2: Foul Ball, location: 2F
2-2: Ball
3-2: Strikes out looking
Batting: RHB Troy Trice 0-0: Ball
1-0: SOLO HOME RUN (Flyball, 8RXD, EV 115.0 MPH), Distance : 468 ft
Batting: RHB Pedro Quezada 0-0: Called Strike
0-1: Called Strike
0-2: Foul Ball, location: 2F
0-2: Ball
1-2: Ball
2-2: Ball
3-2: Fly out, F9 (Flyball, 9, EV 95.0 MPH)
Batting: LHB Takaaki Nishimoto 0-0: Foul Ball, location: 2F
0-1: Ball
1-1: Called Strike
1-2: Ground out 5-3 (Groundball, 6, EV 105.0 MPH)
Bottom of the 9th over - 1 run, 1 hit, 0 errors, 0 left on base; Helena 9 - San Francisco (APP) 9
TOP OF THE 10TH
Helena Brewers batting - Pitching for San Francisco (APP) Giants : RHP Harry Dickson
Batting: RHB Chris Fruit 0-0: Called Strike
0-1: Ball
1-1: Foul Ball, location: 2F
1-2: Ball
2-2: Foul Ball, location: 2F
2-2: Strikes out swinging
Batting: RHB Dan Allred 0-0: Called Strike
0-1: Ball
1-1: Foul Ball, location: 2F
1-2: SINGLE (Groundball, 56D, EV 95.0 MPH)
Batting: RHB Alfredo Sena 0-0: Ball
1-0: Ball
2-0: Fielders Choice at 2nd, 6-4 (Groundball, 6, EV 105.0 MPH)
Pitching: RHP Sam Drews
Pinch Hitting: LHB Mark Backstrom 0-0: Called Strike
0-1: Ball
1-1: Ball
2-1: Ball
3-1: Foul Ball, location: 2F
3-2: Base on Balls
Alfredo Sena to second
Pinch Hitting: LHB Danny Bautista 0-0: Foul Ball, location: 2F
0-1: Swinging Strike
0-2: Ball
1-2: Strikes out looking
Top of the 10th over - 0 runs, 1 hit, 0 errors, 2 left on base; Helena 9 - San Francisco (APP) 9
BOTTOM OF THE 10TH
San Francisco (APP) Giants batting - Pitching for Helena Brewers : RHP Allen Gans
Now at SS: Jesus Menjivar
Now in LF: Alfredo Sena
Now in RF: Danny Bautista
Batting: RHB Ryan Bentz 0-0: Foul Ball, location: 2F
0-1: Ball
1-1: SINGLE (Groundball, 56D, EV 103.1 MPH)
Batting: LHB Steve Nevis 0-0: Ball
Ryan Bentz steals 2nd, throwing error, E2
Ryan Bentz to third
1-0: Intentional Walk
Batting: RHB Ed Broomhead 0-0: Called Strike
Steve Nevis steals 2nd base (no throw)
0-1: Swinging Strike
0-2: Foul Ball, location: 2F
0-2: Ball
1-2: Foul Ball, location: 2F
1-2: Strikes out swinging
Batting: RHB Alexis Andrade 0-0: Called Strike
0-1: Fielders Choice at home, 6-2 (Groundball, 56, EV 101.2 MPH)
Steve Nevis to third
Batting: RHB Coen Dirks 0-0: Ball
1-0: Ball
2-0: Swinging Strike
2-1: SINGLE (Line Drive, 8RS, EV 96.9 MPH)
Steve Nevis scores
Bottom of the 10th over - 1 run, 2 hits, 1 error, 1 left on base; Helena 9 - San Francisco (APP) 10
Tuesday, September 13th , 2022 - OOTP Baseball 23.7 Build 88